 Dungeon Crawl Stone Soup version 0.17-a0-1596-g1e86911 (webtiles) character file.

1202 urechis the Grappler (level 8, -3/80 HPs)
             Began as a Troll Monk on July 30, 2015.
             Slain by an orc warrior
             ... wielding a +0 hand axe
              (21 damage)
             ... on level 5 of the Dungeon.
             The game lasted 00:07:39 (3914 turns).

urechis the Grappler (Troll Monk)                   Turns: 3914, Time: 00:07:39

Health: -3/80      AC:  5    Str: 21    XL:     8   Next: 21%
Magic:  7/7        EV: 10    Int:  6    God:
Gold:   306        SH:  0    Dex: 13    Spells: 0 memorised, 7 levels left

rFire  . . .     SeeInvis .       - Unarmed
rCold  . . .     Clarity  .     s - +0 robe
rNeg   . . .     SustAt   .     (no shield)
rPois  .         Gourm    +     (helmet restricted)
rElec  .         Spirit   .     (no cloak)
rCorr  .         Warding  .     (gloves unavailable)
rMut   .         Stasis   .     (boots unavailable)
MR     .....                    (no amulet)
Stlth  +.........               (no ring)
                                j - ring of wizardry

@: not resistant to hostile enchantments, very unstealthy
A: unfitting armour, claws 3, blink 1, fast metabolism 3, gourmand, regeneration
2, shaggy fur 1, tough skin 2
a: Blink


You were on level 5 of the Dungeon.
You were full.

You visited 1 branch of the dungeon, and saw 6 of its levels.
You also visited: Sewer.

You collected 306 gold pieces.

Inventory:

Hand weapons
 a - a +0 blowgun
Missiles
 f - 25 poisoned needles
 t - 2 curare-tipped needles
Armour
 s - a +0 robe (worn)
Jewellery
 j - a ring of wizardry (left claw)
Scrolls
 d - 2 scrolls of recharging
 g - a scroll of magic mapping
 i - 3 scrolls of fog
 k - 3 scrolls of enchant armour
 l - a scroll of immolation
 n - a scroll of blinking {unknown}
 q - a scroll of teleportation {unknown}
 r - 3 scrolls of fear
 y - a scroll of enchant weapon {unknown}
Potions
 e - 2 potions of agility
 h - a potion of might
 o - 2 potions of magic
 p - 3 potions of heal wounds
 u - 3 potions of curing
 w - 3 potions of flight
 x - a potion of brilliance
Comestibles
 b - 7 bread rations
 c - a slice of pizza
 m - a beef jerky


   Skills:
 + Level 5.1 Fighting
 - Level 2.4 Dodging
 - Level 1.1 Stealth
 * Level 9.2 Unarmed Combat


You had 7 spell levels left.
You didn't know any spells.

Dungeon Overview and Level Annotations

Branches:
Dungeon (6/15)
 Temple: D:4-7

Altars:
Dithmenos
Makhleb
Ru


Innate Abilities, Weirdness & Mutations

You are too large for most types of armour.
You have claws for hands.
Your metabolism is lightning-fast.
You like to eat raw meat.
You heal very quickly.
You are covered in fur (AC +1).
You have very tough skin (AC +2).
You can translocate small distances at will.


Message History

The orc warrior is heavily wounded.
The hound barely misses you. The orc hits you with a falchion.
The orc warrior barely misses you. The orc barely misses you.
The orc hits you with a flail.
* * * LOW HITPOINT WARNING * * *
The giant frog zombie hits you but does no damage.
The hound bites you.
* * * LOW HITPOINT WARNING * * *
The orc hits you but does no damage. The giant frog zombie hits you.
* * * LOW HITPOINT WARNING * * *
The orc hits you with a hand axe.
* * * LOW HITPOINT WARNING * * *
The orc warrior barely misses you. The hound bites you but does no damage.
The orc closely misses you.
You climb upwards.
There is a stone staircase leading down here.
The hound bites you.
* * * LOW HITPOINT WARNING * * *
The orc warrior hits you with a hand axe!!
You die...

#..........#
#..........#
#..........##########
#..........#........#
#..........#.....)..#
#..........#........#
#.....รท....'........+
#.ooo......#........#
#.o>@......+...)....'
#.o.h......#........#
#..........+........#
#..........#........#
#..........####'#####
###......#.# #.# ###
######.#.# #.# #..
#.#.# #.###.. #.#.#
#...#..


You could see 2 orc warriors, a hound and 3 orcs.

Vanquished Creatures
  The ghost of Xiguana the Chopper, an experienced HOFi of Beogh (D:5)
  Purgy (Sewer)
  An ice beast (D:5)
  A sky beast (D:5)
  2 phantoms (D:4)
  A water moccasin zombie (D:5)
  A crimson imp (D:5)
  A giant frog skeleton (D:5)
  An orc priest (D:4)
  An orc wizard (D:4)
  4 worker ants
  A worker ant zombie (D:5)
  7 adders
  A river rat (D:4)
  2 worms (D:2)
  An adder skeleton (D:4)
  4 giant geckos
  9 orcs
  6 goblins
  6 hobgoblins
  13 jackals
  3 quokkas
  3 ball pythons (Sewer)
  5 bats
  2 giant cockroaches
  A giant gecko skeleton (D:4)
  6 giant newts
  6 kobolds
  8 rats
99 creatures vanquished.

Vanquished Creatures (others)
  A kobold (D:2)
1 creature vanquished.

Grand Total: 100 creatures vanquished

Notes
Turn   | Place    | Note
--------------------------------------------------------------
     0 | D:1      | urechis the Troll Monk began the quest for the Orb.
     0 | D:1      | Reached XP level 1. HP: 22/22 MP: 0/0
   328 | D:1      | Reached XP level 2. HP: 29/29 MP: 1/1
   784 | D:2      | Reached XP level 3. HP: 36/36 MP: 2/2
   915 | D:2      | Found a shadowy altar of Dithmenos.
  1197 | D:2      | Reached skill level 5 in Unarmed Combat
  1410 | D:3      | Found a burning altar of Makhleb.
  1410 | D:3      | Noticed a cacodemon
  1507 | D:3      | Reached XP level 4. HP: 40/45 MP: 3/3
  2372 | D:4      | Reached XP level 5. HP: 37/53 MP: 4/4
  2431 | D:4      | Found a glowing drain.
  2442 | D:4      | Reached skill level 6 in Unarmed Combat
  2446 | Sewer    | Entered a sewer
  2466 | Sewer    | Noticed Purgy
  2475 | Sewer    | Killed Purgy
  2475 | Sewer    | Reached XP level 6. HP: 40/61 MP: 5/5
  2735 | D:4      | Noticed a phantom
  2766 | D:4      | Killed a phantom
  2766 | D:4      | Reached skill level 7 in Unarmed Combat
  3153 | D:4      | Noticed a phantom
  3161 | D:4      | Killed a phantom
  3161 | D:4      | Reached XP level 7. HP: 59/70 MP: 6/6
  3267 | D:5      | Entered Level 5 of the Dungeon
  3462 | D:5      | Reached skill level 8 in Unarmed Combat
  3540 | D:5      | Noticed Xiguana's ghost (experienced HOFi)
  3563 | D:5      | Killed Xiguana's ghost
  3563 | D:5      | Reached skill level 5 in Fighting
  3563 | D:5      | Reached skill level 9 in Unarmed Combat
  3563 | D:5      | Reached XP level 8. HP: 30/80 MP: 7/7
  3649 | D:5      | Gained mutation: You can translocate small distances at will. [potion of beneficial mutation]
  3752 | D:5      | Found a sacrificial altar of Ru.
  3914 | D:5      | Slain by an orc warrior

Vault maps used:
D:1:      matt_arrival_refuge, hangedman_decor_peaks_small,
          hangedman_abyss_or_decor_stabs
D:2:      grunt_dithmenos_smoke_and_mirrors, first_bread,
          hangedman_decor_growths, lemuel_old_faithful
D:3:      makhleb_altar_promises_db, roderic_serpentine_path
D:4:      portal_sewer_entry_a, grunt_ministairs_2
D:5:      nicolae_ru_awakened_eye
Sewer:    sewer_co_purgy_island

Action                   |  1- 3 |  4- 6 |  7- 9 || total
-------------------------+-------+-------+-------++-------
Melee: Unarmed           |   109 |    97 |    85 ||   291
 Fire: Blowgun           |       |     3 |       ||     3
  Use: Scroll            |       |     5 |     6 ||    11
       Potion            |       |     7 |     1 ||     8
 Stab: Sleeping          |     1 |     3 |     1 ||     5
       Distracted        |       |     1 |       ||     1
  Eat: Chunk             |    17 |    15 |     7 ||    39
